[Event "Titled Tuesday Blitz July 4 Early 2023"]
[White "Kourkoulos-Arditis, Stamatis"]
[Black "Mazurkiewicz, Michal"]
[WhiteFideId "4221990"]
[BlackFideId "1124943"]
[WhiteElo "2718"]
[BlackElo "2420"]
[Result "1-0"]
[Round "1"]
[TimeControl "180+2"]
[Date "2023.07.04"]
[WhiteClock "0:00:41"]
[BlackClock "0:00:00"]
[Board "93"]

1. c4 Nf6 2. g3 g6 3. Nc3 Bg7 4. Bg2 O-O 5. e4 d6 6. Nge2 c5 7. O-O Nc6 8. d3 Rb8 9. h3 Nd7 10. Be3 Nd4 11. Rb1 b6 12. a3 Bb7 13. b4 e6 14. Qd2 Nxe2+ 15. Nxe2 cxb4 16. axb4 d5 17. exd5 exd5 18. c5 d4 19. Bf4 Bxg2 20. Kxg2 Rc8 21. Bd6 Re8 22. Rbc1 bxc5 23. bxc5 Nxc5 24. Bxc5 Qd5+ 25. Kh2 Rxc5 26. Nf4 Rxc1 27. Nxd5 Rxf1 28. Kg2 Rfe1 29. h4 R1e2 30. Qa5 R2e5 31. Qa2 h5 32. Nf4 a5 33. Nxg6 Re2 34. Qd5 Rd2 35. Nf4 Rb8 36. Nxh5 Rbb2 37. Qg5 Rxf2+ 38. Kh3 Rh2+ 39. Kg4 f5+ 40. Qxf5 1-0


[Site "https://www.chess.com"]

[Event "Titled Tuesday Blitz July 4 Early 2023"]
[White "Streltsov, Alexey"]
[Black "Rakhimzhan_Alen"]
[WhiteFideId "24104434"]
[WhiteElo "2418"]
[BlackElo "2716"]
[Result "0-1"]
[Round "1"]
[TimeControl "180+2"]
[Date "2023.07.04"]
[WhiteClock "0:02:21"]
[BlackClock "0:01:43"]
[Board "94"]

1. d4 Nf6 2. Nc3 d5 3. Bf4 a6 4. e3 b5 5. h4 e6 6. g4 Be7 7. g5 Nfd7 8. Nf3 c5 9. h5 Nc6 10. Bh3 g6 11. hxg6 hxg6 12. Qd2 Nb6 13. dxc5 Nc4 14. Qc1 e5 15. Bg2 Rxh1+ 16. Bxh1 exf4 17. exf4 Bxc5 18. Ne2 Be6 19. b3 Nd6 20. Qd2 Bxf2+ 21. Kf1 Ne4 22. Qd1 Qb6 23. Nfd4 0-1


[Site "https://www.chess.com"]

[Event "Titled Tuesday Blitz July 4 Early 2023"]
[White "Nouri, Alekhine"]
[Black "Hoffmann, Asa"]
[WhiteFideId "5216184"]
[BlackFideId "2001470"]
[WhiteElo "2707"]
[BlackElo "2417"]
[Result "0-1"]
[Round "1"]
[TimeControl "180+2"]
[Date "2023.07.04"]
[WhiteClock "0:00:00"]
[BlackClock "0:00:10"]
[Board "95"]

1. e4 d6 2. d4 Nf6 3. Nc3 c6 4. f3 Nbd7 5. Be3 e5 6. Qd2 Be7 7. Nge2 b5 8. O-O-O Nb6 9. Ng3 Qc7 10. h4 h6 11. Qf2 Rb8 12. dxe5 dxe5 13. Nf5 b4 14. Nb1 Bxf5 15. exf5 Nfd5 16. Nd2 a5 17. Ne4 a4 18. Bc5 b3 19. cxb3 axb3 20. a3 Na4 21. Bxe7 Qxe7 22. Bc4 O-O 23. Qg3 Nf6 24. Kb1 Nxe4 25. fxe4 Nc5 26. Rhe1 Rfd8 27. Qe3 Kf8 28. f6 gxf6 29. Qxh6+ Kg8 30. Qg6+ Kf8 31. Qh7 Qc7 32. Qh8+ Ke7 33. Qg7 Rf8 34. Rf1 Nxe4 35. Bd3 f5 36. Bxe4 fxe4 37. Qf6+ Ke8 38. Rf5 Rb5 39. Rxe5+ Rxe5 40. Qf4 f6 41. g4 Ke7 42. Qh6 Rf7 43. Qh8 Rd5 44. Re1 Qe5 45. Qh7 Rxh7 0-1


[Site "https://www.chess.com"]

[Event "Titled Tuesday Blitz July 4 Early 2023"]
[White "Bazilius, Augustinas"]
[Black "Matinian, Nikita"]
[WhiteFideId "12832251"]
[BlackFideId "24129100"]
[WhiteElo "2417"]
[BlackElo "2706"]
[Result "0-1"]
[Round "1"]
[TimeControl "180+2"]
[Date "2023.07.04"]
[WhiteClock "0:00:00"]
[BlackClock "0:00:39"]
[Board "96"]

1. d4 Nf6 2. c4 e6 3. Nf3 Bb4+ 4. Bd2 a5 5. g3 b6 6. Bg2 Bb7 7. O-O O-O 8. Nc3 d6 9. Qc2 Bxc3 10. Bxc3 Be4 11. Qd2 Nbd7 12. Rfd1 Qe7 13. b4 axb4 14. Bxb4 e5 15. dxe5 Nxe5 16. Nxe5 Bxg2 17. Nf3 Bxf3 18. exf3 Qd7 19. Bc3 Qf5 20. Kg2 Nd7 21. Qd4 f6 22. Qd5+ Qxd5 23. cxd5 Ra4 24. Re1 Kf7 25. Re2 Re8 26. Rc2 Nc5 27. Bd2 Rd4 28. Be3 Rxd5 29. a4 Ra8 30. Ra3 Ke6 31. Bxc5 Rxc5 32. Re2+ Kd7 33. Rae3 Re5 34. Rxe5 fxe5 35. Ra2 b5 36. a5 b4 37. Ra4 c5 38. a6 Kc6 39. a7 Kb6 40. Ra1 Rxa7 41. f4 Rxa1 0-1


[Site "https://www.chess.com"]

[Event "Titled Tuesday Blitz July 4 Early 2023"]
[White "Panesar Vedant"]
[Black "Molenda, Marcin"]
[WhiteFideId "35033018"]
[BlackFideId "1173065"]
[WhiteElo "2706"]
[BlackElo "2417"]
[Result "1-0"]
[Round "1"]
[TimeControl "180+2"]
[Date "2023.07.04"]
[WhiteClock "0:00:13"]
[BlackClock "0:00:00"]
[Board "97"]

1. e3 g6 2. d4 Bg7 3. Nf3 Nf6 4. b3 O-O 5. Bb2 b6 6. Nbd2 Bb7 7. Bd3 c5 8. O-O d6 9. c4 Nbd7 10. Qe2 Qc7 11. Rfe1 e5 12. Bc2 e4 13. Ng5 cxd4 14. Ngxe4 dxe3 15. fxe3 Rfe8 16. Nxf6+ Nxf6 17. Rf1 Ng4 18. Bxg7 Nxe3 19. Ne4 Bxe4 20. Qxe3 Bxc2 21. Qc3 Re2 22. Rae1 Rae8 23. Rxe2 Rxe2 24. Bh6 Qc5+ 25. Kh1 Qe5 26. Qf3 f5 27. Qa8+ Qe8 28. Qd5+ Re6 29. Re1 Be4 30. Qd4 Qe7 31. Kg1 Qh4 32. Bd2 Qg4 33. Qf2 h5 34. h3 Qxg2+ 35. Qxg2 1-0


[Site "https://www.chess.com"]

[Event "Titled Tuesday Blitz July 4 Early 2023"]
[White "Vivas Zamora, Fabian Ernesto"]
[Black "Papasimakopoulos, Alexandros"]
[WhiteFideId "3902480"]
[BlackFideId "4244125"]
[WhiteElo "2416"]
[BlackElo "2705"]
[Result "0-1"]
[Round "1"]
[TimeControl "180+2"]
[Date "2023.07.04"]
[WhiteClock "0:00:02"]
[BlackClock "0:01:16"]
[Board "98"]

1. e4 e6 2. d4 d5 3. Nd2 Nf6 4. e5 Nfd7 5. Ngf3 c5 6. c3 b6 7. a4 Ba6 8. Bb5 Bxb5 9. axb5 Be7 10. O-O O-O 11. Re1 Re8 12. c4 Nf8 13. Qb3 cxd4 14. cxd5 exd5 15. Nxd4 Bc5 16. N2f3 Ne6 17. Be3 Bxd4 18. Bxd4 h6 19. Red1 Re7 20. Be3 Rd7 21. Ra4 d4 22. Nxd4 Nc5 23. Qa2 Nxa4 24. e6 fxe6 25. Qxa4 e5 26. Qc4+ Kh8 27. Re1 exd4 28. Bxd4 Rxd4 29. Qf7 Rd1 0-1


[Site "https://www.chess.com"]

[Event "Titled Tuesday Blitz July 4 Early 2023"]
[White "Amilal Munkhdalai"]
[Black "Jimenez Jimenez, Leandro"]
[WhiteFideId "4903250"]
[BlackFideId "6415253"]
[WhiteElo "2701"]
[BlackElo "2415"]
[Result "0-1"]
[Round "1"]
[TimeControl "180+2"]
[Date "2023.07.04"]
[WhiteClock "0:00:14"]
[BlackClock "0:00:12"]
[Board "99"]

1. e4 e5 2. Nf3 Nc6 3. Bb5 a6 4. Ba4 Nf6 5. d3 b5 6. Bb3 Bc5 7. O-O O-O 8. c3 d6 9. h3 Bb6 10. Re1 Bb7 11. Nbd2 Na5 12. Bc2 c5 13. Nf1 c4 14. d4 exd4 15. Nxd4 Re8 16. Ng3 Nc6 17. Be3 Nxd4 18. Bxd4 d5 19. e5 Ne4 20. Nxe4 dxe4 21. Bxe4 Bxe4 22. Rxe4 Qd5 23. Qe2 Bxd4 24. cxd4 Rac8 25. Rg4 b4 26. Qe3 Rc6 27. Rc1 Rec8 28. Qg3 Rg6 29. Rxg6 hxg6 30. Qe3 a5 31. f3 a4 32. a3 bxa3 33. bxa3 Rd8 34. Rd1 Rb8 35. Qe4 Qb5 36. d5 c3 37. Kh2 Qb3 38. Rd3 c2 39. Rxb3 axb3 40. e6 c1=Q 41. exf7+ Kxf7 42. Qe6+ Kf8 43. Qd6+ Kf7 44. Qe6+ Kf8 45. Qd6+ Kf7 46. Qxb8 b2 47. Qb7+ Kg8 48. d6 b1=Q 49. Qd5+ Kh7 50. d7 Qf4+ 51. g3 Qc2+ 52. Kh1 Qfc1+ 0-1


[Site "https://www.chess.com"]

[Event "Titled Tuesday Blitz July 4 Early 2023"]
[White "PresidentLoek"]
[Black "Suyarov, Mukhammadzokhid"]
[BlackFideId "14210495"]
[WhiteElo "2414"]
[BlackElo "2701"]
[Result "0-1"]
[Round "1"]
[TimeControl "180+2"]
[Date "2023.07.04"]
[WhiteClock "0:00:52"]
[BlackClock "0:02:27"]
[Board "100"]

1. g3 e5 2. Bg2 d5 3. d3 Nc6 4. e4 dxe4 5. Bxe4 Nf6 6. Bxc6+ bxc6 7. Nc3 Bd6 8. Be3 O-O 9. Qd2 Rb8 10. O-O-O Nd5 11. Nge2 Be6 12. f4 Qe7 13. Rhf1 Ba3 14. Na4 Rxb2 15. Nxb2 Rb8 16. Nc3 Bxb2+ 0-1


[Site "https://www.chess.com"]

[Event "Titled Tuesday Blitz July 4 Early 2023"]
[White "Khumalo, Keith"]
[Black "Avazkhonov, Alikhon"]
[WhiteFideId "14319470"]
[BlackFideId "14208504"]
[WhiteElo "2700"]
[BlackElo "2413"]
[Result "1/2-1/2"]
[Round "1"]
[TimeControl "180+2"]
[Date "2023.07.04"]
[WhiteClock "0:01:31"]
[BlackClock "0:00:09"]
[Board "101"]

1. d4 Nf6 2. c4 g6 3. Nc3 d5 4. Bg5 Bg7 5. Bxf6 Bxf6 6. cxd5 O-O 7. Nf3 c6 8. dxc6 Nxc6 9. e3 e5 10. d5 Ne7 11. e4 Bg4 12. Be2 Bg7 13. Qb3 Nc8 14. O-O Nd6 15. h3 Bd7 16. Qa3 Qb6 17. Rac1 f5 18. Ng5 Bh6 19. Ne6 Bxe6 20. dxe6 Bxc1 21. e7 Rfe8 22. Rxc1 Rac8 23. Rd1 Rxc3 24. bxc3 Nxe4 25. Bc4+ Kg7 26. Rd8 Rxd8 27. exd8=Q Qxd8 28. Qxa7 Qc7 29. Bd5 Nxc3 30. Bxb7 Nxa2 31. Qxa2 Qxb7 32. Qe6 Qb1+ 33. Kh2 Qe4 34. Qe7+ Kh6 35. g3 Qd4 36. Qf8+ Kg5 37. Qe7+ Kh6 38. Kg2 Qe4+ 39. Kh2 Qd4 1/2-1/2


[Site "https://www.chess.com"]

[Event "Titled Tuesday Blitz July 4 Early 2023"]
[White "Bueno, Alfeu Junior Varela"]
[Black "Lavrik, Dmitry"]
[WhiteFideId "2108879"]
[BlackFideId "24113190"]
[WhiteElo "2412"]
[BlackElo "2700"]
[Result "1-0"]
[Round "1"]
[TimeControl "180+2"]
[Date "2023.07.04"]
[WhiteClock "0:01:10"]
[BlackClock "0:01:00"]
[Board "102"]

1. e4 c5 2. Nc3 e6 3. f4 d5 4. e5 f6 5. Nf3 Bd7 6. Nh4 fxe5 7. Qh5+ g6 8. Nxg6 Nf6 9. Qh4 hxg6 10. Qxh8 Nc6 11. fxe5 Nxe5 12. Bb5 d4 13. O-O dxc3 14. Rxf6 Nf7 15. Rxe6+ Qe7 16. Bxd7+ Kd8 17. Rxe7 1-0


[Site "https://www.chess.com"]

[Event "Titled Tuesday Blitz July 4 Early 2023"]
[White "Danielyan, Vahe"]
[Black "KorolDimitriy75"]
[WhiteFideId "13304828"]
[WhiteElo "2699"]
[BlackElo "2408"]
[Result "1-0"]
[Round "1"]
[TimeControl "180+2"]
[Date "2023.07.04"]
[WhiteClock "0:00:08"]
[BlackClock "0:00:00"]
[Board "103"]

1. e4 c5 2. Nc3 g6 3. f4 Bg7 4. Nf3 Nc6 5. Bc4 e6 6. d4 cxd4 7. Nb5 d5 8. exd5 exd5 9. Be2 Nge7 10. Nbxd4 O-O 11. c3 Bg4 12. O-O Re8 13. Kh1 Nf5 14. Nxf5 Bxf5 15. Bd3 Bxd3 16. Qxd3 d4 17. cxd4 Nxd4 18. Rd1 Nxf3 19. Qxf3 Qb6 20. h3 Rad8 21. Rf1 Qc6 22. Qg3 Qc2 23. f5 Rd1 24. Bg5 Rxa1 25. Rxa1 Qxb2 26. Rf1 Qxa2 27. f6 Bf8 28. Qh4 Qe2 29. Ra1 a6 30. Bh6 Bd6 31. Bf4 Bxf4 32. Qxf4 Qe5 33. Qf1 Re6 34. Rb1 Rxf6 35. Qc4 b5 36. Qc8+ Kg7 37. Rd1 Rd6 38. Rf1 Rf6 39. Rd1 Qe2 40. Qc1 Rf2 41. Qa1+ Kh6 42. Rg1 Qa2 43. Qc1+ Qd2 44. Qc7 a5 45. Qb8 b4 46. Qf8+ Kh5 47. Qc5+ f5 48. Qxa5 1-0


[Site "https://www.chess.com"]

[Event "Titled Tuesday Blitz July 4 Early 2023"]
[White "Federzoni, Enzo"]
[Black "Cherniaiev, Tykhon"]
[WhiteFideId "2173301"]
[BlackFideId "14182360"]
[WhiteElo "2408"]
[BlackElo "2696"]
[Result "0-1"]
[Round "1"]
[TimeControl "180+2"]
[Date "2023.07.04"]
[WhiteClock "0:00:40"]
[BlackClock "0:01:34"]
[Board "104"]

1. e4 e5 2. Nf3 Nc6 3. d4 exd4 4. Nxd4 Nf6 5. Nc3 Bb4 6. Nxc6 bxc6 7. Bd3 d5 8. exd5 cxd5 9. O-O O-O 10. h3 Be6 11. Qf3 c6 12. Bg5 h6 13. Bh4 Rb8 14. Ne2 Be7 15. b3 Rb4 16. Bg3 Ne4 17. c3 Nd2 18. Qh5 Nxf1 19. cxb4 Nxg3 20. Nxg3 Bxb4 21. Nf5 Qf6 22. Rc1 g6 23. Qg4 Bxf5 24. Bxf5 Ba3 0-1


[Site "https://www.chess.com"]

[Event "Titled Tuesday Blitz July 4 Early 2023"]
[White "Koshulyan, Egor A."]
[Black "Tinmaz, Kerem"]
[WhiteFideId "24237000"]
[BlackFideId "44559151"]
[WhiteElo "2695"]
[BlackElo "2408"]
[Result "1-0"]
[Round "1"]
[TimeControl "180+2"]
[Date "2023.07.04"]
[WhiteClock "0:00:51"]
[BlackClock "0:00:00"]
[Board "105"]

1. e4 c6 2. Nf3 d5 3. d3 g6 4. Nbd2 Bg7 5. g3 Bg4 6. h3 Bxf3 7. Qxf3 e6 8. Bg2 Nd7 9. O-O Ngf6 10. Qe2 Qc7 11. f4 O-O 12. e5 Ne8 13. Nf3 c5 14. g4 Rc8 15. h4 c4 16. d4 c3 17. b3 Qb6 18. Ba3 Nc7 19. Bxf8 Bxf8 20. f5 Nb5 21. Rad1 Nb8 22. a4 Nxd4 23. Nxd4 Bc5 24. Rf4 Nc6 25. Qe3 Re8 26. f6 Rc8 27. Kh1 Nxd4 28. Rfxd4 Bxd4 29. Qh6 1-0


[Site "https://www.chess.com"]

[Event "Titled Tuesday Blitz July 4 Early 2023"]
[White "Molina Carretero, Daniel"]
[Black "Williams, Simon K"]
[WhiteFideId "32071914"]
[BlackFideId "404454"]
[WhiteElo "2405"]
[BlackElo "2693"]
[Result "0-1"]
[Round "1"]
[TimeControl "180+2"]
[Date "2023.07.04"]
[WhiteClock "0:00:17"]
[BlackClock "0:00:49"]
[Board "106"]

1. c4 f5 2. g3 Nf6 3. Nf3 d6 4. d4 e6 5. Bg2 Be7 6. O-O O-O 7. Nc3 a5 8. Re1 Ne4 9. Nxe4 fxe4 10. Nd2 d5 11. f3 c5 12. fxe4 dxc4 13. d5 b5 14. a4 Ba6 15. axb5 Bxb5 16. Qc2 Na6 17. Nxc4 Nb4 18. Qc3 exd5 19. exd5 Bf6 20. Ne5 Re8 21. Qxc5 Bxe5 22. Qxb5 Nc2 23. Bd2 Nxe1 24. Rxe1 Qd6 25. Bc3 Bxc3 26. bxc3 a4 27. e4 Qe5 28. Qc4 Rec8 29. Qd4 Qxd4+ 30. cxd4 a3 31. e5 a2 32. Ra1 Rcb8 33. d6 Rb1+ 34. Kf2 Rf8+ 35. Ke3 Rxa1 0-1


[Site "https://www.chess.com"]

[Event "Titled Tuesday Blitz July 4 Early 2023"]
[White "Lorparizangeneh, Shahin"]
[Black "Rios Escobar, Adan"]
[WhiteFideId "12521604"]
[BlackFideId "3403645"]
[WhiteElo "2692"]
[BlackElo "2404"]
[Result "1-0"]
[Round "1"]
[TimeControl "180+2"]
[Date "2023.07.04"]
[WhiteClock "0:00:56"]
[BlackClock "0:00:00"]
[Board "107"]

1. e4 c5 2. Nf3 d6 3. d4 cxd4 4. Nxd4 Nf6 5. Bd3 e5 6. Ne2 Nc6 7. c4 Be7 8. Nbc3 Be6 9. O-O O-O 10. b3 Kh8 11. h3 Nh5 12. Nd5 Bg5 13. Ba3 g6 14. b4 f5 15. b5 Ne7 16. exf5 gxf5 17. Nd4 Nxd5 18. Nxe6 Qf6 19. cxd5 Nf4 20. Nxf8 Rxf8 21. Kh2 Rg8 22. g3 Qh6 23. Bxf5 Nh5 24. Be6 Rg7 25. Bxd6 Bf4 26. Rg1 Qf6 27. Qxh5 Rg5 28. Qe8+ Kg7 29. Qg8+ Kh6 30. Qf8+ Qxf8 31. Bxf8+ Kg6 32. gxf4 Rxg1 33. Rxg1+ 1-0


[Site "https://www.chess.com"]

[Event "Titled Tuesday Blitz July 4 Early 2023"]
[White "Kuznetsov, Mikhail"]
[Black "Klekowski, Maciej"]
[WhiteFideId "4117190"]
[BlackFideId "1132717"]
[WhiteElo "2403"]
[BlackElo "2692"]
[Result "0-1"]
[Round "1"]
[TimeControl "180+2"]
[Date "2023.07.04"]
[WhiteClock "0:00:04"]
[BlackClock "0:02:05"]
[Board "108"]

1. Nf3 Nf6 2. g3 d5 3. Bg2 c6 4. O-O Bg4 5. d4 Nbd7 6. Nbd2 e6 7. c3 Bd6 8. Re1 O-O 9. e4 Nxe4 10. Nxe4 dxe4 11. Rxe4 Nf6 12. Re1 Qa5 13. Qb3 Qh5 14. Ne5 Rab8 15. Bf4 Rfd8 16. Nxg4 Nxg4 17. h3 Nf6 18. Bxd6 Rxd6 19. Re5 Qh6 20. Qa3 Rdd8 21. Qxa7 Qd2 22. Qb6 Nd7 23. Qb3 Nxe5 24. dxe5 Qe2 25. a4 Rd2 26. Qb6 Rxb2 27. Qa7 Rd8 28. Rf1 h5 29. h4 Qxe5 30. a5 Qxc3 31. a6 Qd4 32. Qxd4 Rxd4 33. axb7 Rxb7 34. Bxc6 Rb2 35. Kg2 g6 36. Bf3 Kg7 37. Re1 Rdd2 38. Rf1 f5 39. Kg1 e5 40. Bc6 e4 41. Ba8 Kf6 42. Bc6 g5 43. hxg5+ Kxg5 44. Ba8 Kg4 45. Kg2 e3 46. Bf3+ Kg5 47. Kh3 Rxf2 48. Bg2 Rxg2 49. Rxf5+ Kxf5 50. g4+ hxg4+ 51. Kh4 Rh2+ 52. Kg3 Rh3# 0-1


[Site "https://www.chess.com"]

[Event "Titled Tuesday Blitz July 4 Early 2023"]
[White "Matamoros Franco, Carlos S."]
[Black "Grossboss19"]
[WhiteFideId "3600017"]
[WhiteElo "2688"]
[BlackElo "2403"]
[Result "0-1"]
[Round "1"]
[TimeControl "180+2"]
[Date "2023.07.04"]
[WhiteClock "0:00:00"]
[BlackClock "0:00:07"]
[Board "109"]

1. c4 c5 2. g3 Nf6 3. Bg2 g6 4. Nc3 Nc6 5. Nf3 Bg7 6. d4 cxd4 7. Nxd4 O-O 8. O-O a6 9. c5 Qc7 10. Nb3 Rd8 11. Bf4 d6 12. cxd6 exd6 13. Bg5 Be6 14. Rc1 h6 15. Bf4 g5 16. Be3 Ng4 17. Bd2 d5 18. Nc5 Qe7 19. Nxe6 fxe6 20. e4 Nf6 21. exd5 exd5 22. Re1 Qf7 23. Qb3 d4 24. Qxf7+ Kxf7 25. Na4 Rd6 26. Nc5 Rb8 27. h4 Kg6 28. b3 Nd8 29. hxg5 hxg5 30. Nd3 Nf7 31. Rc7 Rd7 32. Be4+ Kh6 33. Rxd7 Nxd7 34. Kg2 Bf6 35. f4 Re8 36. Kf3 b6 37. Rh1+ Kg7 38. Bf5 Nc5 39. Rc1 Nd6 40. Nxc5 Nxf5 41. Nd3 gxf4 42. gxf4 Re6 43. Rc7+ Kg6 44. Rc1 a5 45. a4 Ne7 46. Rg1+ Kf5 47. Rh1 Kg6 48. Kg4 Kf7 49. Kf3 Rc6 50. Rc1 Rxc1 51. Bxc1 Ke6 52. Bd2 Kf5 53. Ne1 Ng6 54. Nd3 Nh4+ 55. Kg3 Ke4 56. Nb2 Nf5+ 57. Kg4 Ne3+ 58. Kh5 Kxf4 59. Kg6 Bd8 60. Nc4 Ke4 61. Nb2 Nd5 62. Kf7 Bc7 63. Ke8 Bf4 64. Be1 d3 65. Kd7 d2 66. Bxd2 Bxd2 67. Nc4 Be3 68. Kc6 Bc5 69. Kb5 Kd4 70. Nd2 Ne3 71. Nb1 Nd5 72. Na3 Nc3+ 73. Kc6 Ne4 74. Nc4 Kc3 75. Nxb6 Kxb3 76. Kd5 Bxb6 77. Kxe4 Kxa4 78. Kd3 Kb3 79. Kd2 Kb2 80. Kd3 a4 0-1


[Site "https://www.chess.com"]

[Event "Titled Tuesday Blitz July 4 Early 2023"]
[White "Romero Ruscalleda, Josep"]
[Black "Amburgy, Ryan"]
[WhiteFideId "2231859"]
[BlackFideId "30924820"]
[WhiteElo "2403"]
[BlackElo "2687"]
[Result "1/2-1/2"]
[Round "1"]
[TimeControl "180+2"]
[Date "2023.07.04"]
[WhiteClock "0:00:28"]
[BlackClock "0:00:38"]
[Board "110"]

1. e4 e5 2. Nf3 Nc6 3. Bc4 Bc5 4. c3 Nf6 5. d4 exd4 6. e5 d5 7. Bb5 Ne4 8. Nxd4 O-O 9. Bxc6 bxc6 10. O-O Bd7 11. Be3 Qe7 12. Nd2 Qxe5 13. Re1 Nxd2 14. Nxc6 Qd6 15. Bxc5 Qxc5 16. Ne7+ Kh8 17. Qxd2 c6 18. Re3 Be6 19. f4 Qxe7 20. f5 Qc5 21. fxe6 fxe6 22. Re1 e5 23. b4 Qb6 24. a4 e4 25. a5 Qb5 26. Rh3 Rf5 27. Rg3 Raf8 28. h3 h6 29. Qd4 R8f7 30. Rg6 Rf1+ 31. Rxf1 Qxf1+ 32. Kh2 Qf4+ 33. Kg1 Rf6 34. Rxf6 Qxf6 35. Qxa7 Qxc3 36. Qb8+ Kh7 37. a6 Qa1+ 38. Kh2 Qxa6 39. Qd6 Qf1 40. Qxc6 Qf4+ 41. Kh1 e3 42. Qxd5 h5 43. Qxh5+ Kg8 44. Qe8+ Kh7 45. b5 Qf1+ 46. Kh2 e2 47. Qh5+ Kg8 48. Qe8+ Kh7 49. Qh5+ Kg8 50. Qe8+ Kh7 1/2-1/2


[Site "https://www.chess.com"]

[Event "Titled Tuesday Blitz July 4 Early 2023"]
[White "Goryachkina, Aleksandra"]
[Black "Saito, Vinicius"]
[WhiteFideId "4147103"]
[BlackFideId "2113384"]
[WhiteElo "2684"]
[BlackElo "2401"]
[Result "1-0"]
[Round "1"]
[TimeControl "180+2"]
[Date "2023.07.04"]
[WhiteClock "0:00:12"]
[BlackClock "0:00:02"]
[Board "111"]

1. e4 c5 2. Nf3 Nc6 3. Bb5 g6 4. O-O Bg7 5. Re1 Nf6 6. c3 O-O 7. d4 cxd4 8. cxd4 d5 9. e5 Ne4 10. Nc3 Nxc3 11. bxc3 Bg4 12. Bxc6 bxc6 13. Ba3 Qc7 14. h3 Bxf3 15. Qxf3 Rab8 16. Rab1 Rfe8 17. Rxb8 Rxb8 18. e6 f5 19. Bc5 Bf6 20. Qd3 Rb2 21. Re2 Qb7 22. Rxb2 Qxb2 23. a3 Qc1+ 24. Kh2 Qf4+ 25. Qg3 Qxg3+ 26. Kxg3 a6 27. Kf4 Kf8 28. g4 fxg4 29. hxg4 Ke8 30. g5 Bg7 31. Kg4 Bf8 32. f4 Bg7 33. Bb6 Bf8 34. f5 Bg7 35. fxg6 hxg6 36. Kf4 Bf8 37. Ke3 Bg7 38. Kd3 Bh8 39. Kc2 c5 40. Bxc5 Kd8 41. Kd3 Bg7 42. c4 dxc4+ 43. Kxc4 Bf8 44. Kd5 Kc7 45. Kc4 Kc6 46. d5+ Kc7 47. Kb4 Kb7 48. Ka5 1-0


[Site "https://www.chess.com"]

[Event "Titled Tuesday Blitz July 4 Early 2023"]
[White "Cruz, William Ferreira Da"]
[Black "Quintiliano Pinto, Renato R."]
[WhiteFideId "2118050"]
[BlackFideId "2117568"]
[WhiteElo "2400"]
[BlackElo "2683"]
[Result "0-1"]
[Round "1"]
[TimeControl "180+2"]
[Date "2023.07.04"]
[WhiteClock "0:00:03"]
[BlackClock "0:00:07"]
[Board "112"]

1. d4 Nf6 2. c4 e6 3. Nc3 d5 4. cxd5 exd5 5. Bg5 c6 6. e3 Be7 7. Bd3 Nbd7 8. Qc2 Nh5 9. Bxe7 Qxe7 10. Nge2 g6 11. O-O O-O 12. Rab1 Ndf6 13. b4 a6 14. a4 Re8 15. b5 axb5 16. axb5 c5 17. dxc5 Qxc5 18. Nd4 Bd7 19. Na4 Qa7 20. Ra1 Rac8 21. Qb2 Ng4 22. Be2 Nhf6 23. h3 Ne5 24. b6 Qb8 25. Bb5 Nc4 26. Bxc4 Rxc4 27. Nc3 Rec8 28. Rfc1 Qe5 29. Nce2 Ne4 30. Rxc4 dxc4 31. Nc3 Nc5 32. Ra7 Qd6 33. Qb4 Rd8 34. Qxc4 Qxb6 35. Ra1 Be6 36. Na4 Nxa4 37. Qxa4 Bd5 38. Qa5 Qxa5 39. Rxa5 Kf8 40. Rb5 Ke7 41. Kh2 Rd7 42. Nb3 Bc6 43. Rb4 Rd3 44. Nd4 Rd2 45. Kg3 Bd5 46. f3 f5 47. Nb5 Bc6 48. Nc3 Rd3 49. Na4 Rxe3 50. Nc5 Re2 51. Nxb7 f4+ 52. Kxf4 Rxg2 53. Na5 Bd5 54. Nc4 g5+ 55. Ke3 Rg3 56. Ne5 Rxh3 57. Rb5 Be6 58. Rb7+ Kf6 59. Nd3 h6 60. Nf2 Rh2 61. Ne4+ Ke5 62. Rb6 Bd5 63. Nc3 Rh3 64. Nxd5 Kxd5 65. Rb5+ Ke6 66. Rb6+ Kf5 67. Kf2 Rh4 68. Rb5+ Kg6 69. Kg3 Kh5 70. Rb6 Rh1 71. Rc6 Rg1+ 72. Kf2 Rb1 73. Kg3 Rb4 74. Kh3 Rf4 75. Kg3 Rf8 76. Kh3 Rxf3+ 77. Kg2 Rf4 0-1


[Site "https://www.chess.com"]

[Event "Titled Tuesday Blitz July 4 Early 2023"]
[White "Andrej2004"]
[Black "Onufrienko, Vladislav"]
[BlackFideId "13804332"]
[WhiteElo "2681"]
[BlackElo "2391"]
[Result "0-1"]
[Round "1"]
[TimeControl "180+2"]
[Date "2023.07.04"]
[WhiteClock "0:00:49"]
[BlackClock "0:00:07"]
[Board "113"]

1. Nf3 d5 2. g3 Bg4 3. Bg2 Nd7 4. O-O e5 5. d3 Bd6 6. b3 f5 7. Bb2 Ngf6 8. h3 Bh5 9. Nbd2 O-O 10. c4 d4 11. Nh4 Ne8 12. Bxb7 Rb8 13. Bg2 Qg5 14. Qe1 Nc5 15. Nhf3 Qh6 16. Bc1 Qf6 17. Ba3 a5 18. Bxc5 Bxc5 19. e3 dxe3 20. fxe3 Nd6 21. Qf2 Rbe8 22. Rae1 Qh6 23. d4 exd4 24. exd4 Ba7 25. Ne5 Ne4 26. Nxe4 fxe4 27. Qb2 Rxf1+ 28. Rxf1 Rxe5 29. c5 Re8 30. Qc3 Bg6 31. Qc4+ Kh8 32. Qe6 Qe3+ 33. Kh2 Rg8 34. Qe5 c6 35. Qf4 Qxd4 36. h4 Qxc5 37. Rc1 Qe7 38. Rxc6 Bb8 39. Qg4 Rf8 40. h5 Bf5 41. Qh4 Qxh4+ 42. Kg1 Qxg3 0-1


[Site "https://www.chess.com"]

[Event "Titled Tuesday Blitz July 4 Early 2023"]
[White "Pesotskiy, Mikhail"]
[Black "Petrosian, Karlen"]
[WhiteFideId "34164453"]
[BlackFideId "4176146"]
[WhiteElo "2390"]
[BlackElo "2679"]
[Result "0-1"]
[Round "1"]
[TimeControl "180+2"]
[Date "2023.07.04"]
[WhiteClock "0:00:06"]
[BlackClock "0:00:34"]
[Board "114"]

1. d4 Nf6 2. c4 d6 3. Nc3 Bf5 4. g3 e5 5. Nf3 Nc6 6. Bg2 Be7 7. O-O O-O 8. Re1 Bg4 9. d5 Nb8 10. h3 Bd7 11. e4 b6 12. Be3 a5 13. b3 Na6 14. a3 h6 15. Nh4 Nh7 16. Nf5 Bg5 17. Qb1 Bxe3 18. Nxe3 Qf6 19. h4 Qg6 20. b4 Nf6 21. Qb3 Ng4 22. Nxg4 Bxg4 23. f3 Bd7 24. g4 h5 25. g5 f6 26. gxf6 Qxf6 27. Ne2 Qxh4 28. Rab1 Bh3 29. Qe3 Rf6 30. Qf2 Qxf2+ 31. Kxf2 Bd7 32. Rh1 g6 33. Ke3 Kg7 34. Bh3 Nb8 35. b5 Bxh3 36. Rxh3 Nd7 37. Rg1 Kh6 38. f4 Raf8 39. Rhg3 R8f7 40. fxe5 Nxe5 41. Nd4 Nxc4+ 42. Kd3 Ne5+ 43. Ke3 Ng4+ 44. Kd3 Rf1 45. Ne6 Rxg1 46. Rxg1 Ne5+ 47. Kd4 h4 48. Nxc7 Rxc7 0-1


[Site "https://www.chess.com"]

[Event "Titled Tuesday Blitz July 4 Early 2023"]
[White "Timerkhanov, Alexander"]
[Black "Zia, Tahsin Tajwar"]
[WhiteFideId "24177938"]
[BlackFideId "10211888"]
[WhiteElo "2679"]
[BlackElo "2388"]
[Result "1/2-1/2"]
[Round "1"]
[TimeControl "180+2"]
[Date "2023.07.04"]
[WhiteClock "0:00:07"]
[BlackClock "0:00:08"]
[Board "115"]

1. d4 d5 2. Bf4 Nf6 3. e3 c5 4. c3 Nc6 5. Nd2 e6 6. Ngf3 cxd4 7. exd4 Nh5 8. Bg5 Qb6 9. Qb3 Qxb3 10. axb3 h6 11. Be3 g5 12. b4 Bg7 13. h3 O-O 14. b5 Ne7 15. h4 g4 16. Ne5 f5 17. g3 Bxe5 18. dxe5 Ng6 19. Bd4 Bd7 20. Be2 b6 21. O-O Ng7 22. Kh2 h5 23. Bd3 Ne7 24. Be3 f4 25. Bxf4 Ngf5 26. f3 Ng6 27. fxg4 hxg4 28. Rae1 Nfxh4 29. Bg5 Rxf1 30. Bxf1 Nf5 31. Bd3 Kf7 32. Bf6 Nge7 33. Kg2 Ng8 34. Bg5 Nge7 35. Nb3 Rh8 36. Bf6 Rh3 37. Bh4 Nxh4+ 38. gxh4 Rxd3 39. Ra1 Bxb5 40. Rxa7 Bc4 41. Nd4 Rd2+ 42. Kg3 Ke8 43. Ra8+ Kd7 44. Ra7+ Kd8 45. Ra8+ Nc8 46. Nxe6+ Kd7 47. Nd4 Rxb2 48. e6+ Kc7 49. h5 Rb1 50. h6 Rh1 51. Nf5 Bd3 52. e7 Nxe7 53. Nxe7 Rxh6 54. Nxd5+ Kb7 55. Rd8 Be2 56. Nf4 Rc6 57. Nxe2 Re6 58. Rd2 Re3+ 59. Kxg4 Kc6 60. Kf4 Rh3 61. Ke4 Kc5 62. Rd4 Rh4+ 63. Kd3 Rh3+ 64. Kd2 Rh2 65. Rf4 b5 66. Kd3 Rh3+ 67. Kc2 Rh2 68. Re4 Kd5 69. Re3 Kc4 70. Re4+ Kd5 71. Kd3 Rh3+ 72. Re3 Rxe3+ 73. Kxe3 Kc4 74. Kd2 b4 75. cxb4 Kxb4 1/2-1/2


[Site "https://www.chess.com"]